[Event "XVII MetLife Najdorf Open 2017"]
[Site "Warsaw"]
[Date "2017.07.13"]
[Round "5.37"]
[White "Gumularz, Szymon"]
[Black "Villegas, Pierre"]
[Result "0-1"]
[ECO "A06"]
[WhiteElo "2391"]
[BlackElo "2295"]
[Annotator "ChessBase"]
[PlyCount "74"]
[EventDate "2017.??.??"]
[EventType "swiss"]
[EventCountry "POL"]
[SourceTitle "playchess.com"]
[Source "ChessBase"]
[SourceQuality "1"]
[TimeControl "40/5400+30:1800+30"]

1. Nf3 d5 2. g3 Nf6 3. Bg2 c5 4. O-O e6 5. c4 d4 6. b4 cxb4 7. a3 Nc6 8. d3 a5 9. Nbd2 e5 10. axb4 Bxb4 11. Ba3 Bf5 12. Nh4 Bd7 13. Bxb4 axb4 14. Nb3 O-O 15. Rxa8 Qxa8 16. Qc2 Qa7 17. Ra1 Qb6 18. Nf3 Rb8 19. Nfd2 Bf5 20. Ra4 h6 21. Qa2 Nd7 22. Ra8 Kh7 23. Rxb8 Ndxb8 24. Bd5 Kg8 25. Ne4 Bxe4 26. Bxe4 Qa6 27. Qc2 Qa4 28. Qb1 Na5 29. Nxa5 Qxa5 30. Bxb7 Nd7 31. Bd5 Nc5 32. e3 b3 33. exd4 Qa2 34. Qe1 b2 35. Qxe5 b1=Q+ 36. Kg2 Qxf2+ 37. Kh3 Qbf1+ 0-1

[Event "XVII MetLife Najdorf Open 2017"]
[Site "Warsaw"]
[Date "2017.07.13"]
[Round "5.38"]
[White "Skawinski, Arkadiusz"]
[Black "AlHuwar, Jasem"]
[Result "1/2-1/2"]
[ECO "B08"]
[WhiteElo "2386"]
[BlackElo "2275"]
[Annotator "ChessBase"]
[PlyCount "104"]
[EventDate "2017.??.??"]
[EventType "swiss"]
[EventCountry "POL"]
[SourceTitle "playchess.com"]
[Source "ChessBase"]
[SourceQuality "1"]
[TimeControl "40/5400+30:1800+30"]

1. e4 g6 2. d4 Bg7 3. Nf3 d6 4. Nc3 Nf6 5. Be2 O-O 6. O-O c6 7. a4 Qc7 8. Be3 e5 9. Qd2 Nbd7 10. dxe5 dxe5 11. a5 Ng4 12. Bc4 Nxe3 13. Qxe3 Nf6 14. Qc5 Nd7 15. Qe7 Bf6 16. Qb4 Re8 17. Rfd1 Nf8 18. Qc5 Qe7 19. Na4 Ne6 20. Qxe7 Rxe7 21. Bxe6 Bxe6 22. Nc5 Bg4 23. Rd3 Rae8 24. h3 Bc8 25. Rad1 Rc7 26. b4 Be7 27. c3 f6 28. Ne1 Kf7 29. Nc2 b6 30. axb6 axb6 31. Na4 Rb7 32. Ra1 Be6 33. Nb2 f5 34. Ne3 fxe4 35. Rdd1 b5 36. Ng4 Bxg4 37. hxg4 c5 38. bxc5 Bxc5 39. Rd5 Rc7 40. Nd1 Ke6 41. Rd2 e3 42. Ra6+ Kf7 43. fxe3 Kg7 44. Kf1 b4 45. cxb4 Bxb4 46. Rb2 Be7 47. Ke2 Bh4 48. Rba2 Kh6 49. Nf2 Bxf2 50. Kxf2 Kg5 51. Kg3 Rc4 52. R2a4 Rec8 1/2-1/2

[Event "XVII MetLife Najdorf Open 2017"]
[Site "Warsaw"]
[Date "2017.07.13"]
[Round "5.39"]
[White "Moehn, Hans"]
[Black "Zochowski, Kacper"]
[Result "1/2-1/2"]
[ECO "A05"]
[WhiteElo "2380"]
[BlackElo "2240"]
[Annotator "ChessBase"]
[PlyCount "51"]
[EventDate "2017.??.??"]
[EventType "swiss"]
[EventCountry "POL"]
[SourceTitle "playchess.com"]
[Source "ChessBase"]
[SourceQuality "1"]
[TimeControl "40/5400+30:1800+30"]

1. Nf3 Nf6 2. g3 b6 3. Bg2 Bb7 4. O-O c5 5. d3 d5 6. Nbd2 e6 7. e4 Be7 8. e5 Ng4 9. Re1 h5 10. Nf1 Nc6 11. c3 Qc7 12. d4 O-O-O 13. Bf4 Kb8 14. Rb1 Ka8 15. Qa4 Qd7 16. Qd1 Rc8 17. dxc5 bxc5 18. h3 Nh6 19. Qd2 Nf5 20. Rbd1 Qc7 21. Ne3 Nxe3 22. Qxe3 Qa5 23. a3 c4 24. Re2 Bc5 25. Qc1 Qa4 26. Be3 1/2-1/2

[Event "XVII MetLife Najdorf Open 2017"]
[Site "Warsaw"]
[Date "2017.07.13"]
[Round "5.40"]
[White "Zaleski, Lukasz"]
[Black "Kaczmarek, Aleksander"]
[Result "0-1"]
[ECO "B12"]
[WhiteElo "2220"]
[BlackElo "2380"]
[Annotator "NA"]
[PlyCount "88"]
[EventDate "2017.??.??"]
[EventType "swiss"]
[EventCountry "POL"]
[SourceTitle "playchess.com"]
[Source "ChessBase"]
[SourceQuality "1"]
[TimeControl "40/5400+30:1800+30"]

1. e4 c6 2. d4 d5 3. e5 c5 4. dxc5 e6 5. a3 Qc7 6. Nf3 Nc6 7. Bb5 Bxc5 8. b4 Bb6 9. Bb2 Nge7 10. O-O O-O 11. Bd3 Ng6 12. Re1 a5 13. b5 Nce7 14. a4 Bc5 15. g3 f5 16. h4 Bd7 17. Nbd2 Nh8 18. Nb3 b6 19. Nbd4 Nf7 20. Kg2 Rae8 21. Qe2 Nh6 22. Ng5 Ng6 23. f4 Nh8 24. c4 dxc4 25. Bxc4 Qc8 26. Nb3 Bb4 27. Red1 Ng4 28. Bd4 Qb7+ 29. Qf3 Qa7 30. Kg1 h6 31. Nh3 Bc8 32. Qc6 Qf7 33. Qxb6 g5 34. fxg5 f4 35. gxf4 Qh5 36. Bd3 Qxh4 37. Kg2 Re7 38. Be4 Ng6 39. Bf2 Nxf4+ 40. Nxf4 Qh2+ 41. Kf1 Qxf4 42. Rd8 Ref7 43. Ra2 Qxe4 44. Rxf8+ Rxf8 0-1

[Event "XVII MetLife Najdorf Open 2017"]
[Site "Warsaw"]
[Date "2017.07.13"]
[Round "5.41"]
[White "Zujev, Oleg"]
[Black "Dzierzak, Radoslaw"]
[Result "0-1"]
[ECO "E46"]
[WhiteElo "2366"]
[BlackElo "2231"]
[Annotator "NA"]
[PlyCount "66"]
[EventDate "2017.??.??"]
[EventType "swiss"]
[EventCountry "POL"]
[SourceTitle "playchess.com"]
[Source "ChessBase"]
[SourceQuality "1"]
[TimeControl "40/5400+30:1800+30"]

1. d4 Nf6 2. c4 e6 3. Nc3 Bb4 4. e3 O-O 5. Nge2 d5 6. a3 Bd6 7. Ng3 c5 8. dxc5 Bxc5 9. b4 Be7 10. Bb2 a5 11. b5 dxc4 12. Bxc4 Nbd7 13. Na4 b6 14. O-O Bb7 15. Rc1 Rc8 16. Qe2 Rc7 17. e4 Qa8 18. Bd3 Rxc1 19. Rxc1 Rd8 20. Bb1 Qb8 21. e5 Nd5 22. Rc4 Nf8 23. h4 Ng6 24. h5 Ngf4 25. Qc2 g6 26. Nxb6 Nxg2 27. Nxd5 Bxd5 28. hxg6 hxg6 29. Rg4 Ne1 30. Rxg6+ fxg6 31. Qxg6+ Kf8 32. Bc1 Nf3+ 33. Kf1 Bc4+ 0-1

[Event "XVII MetLife Najdorf Open 2017"]
[Site "Warsaw"]
[Date "2017.07.13"]
[Round "5.42"]
[White "Zherebtsova, Alexandra"]
[Black "Nowak, Kamil"]
[Result "1/2-1/2"]
[ECO "D02"]
[WhiteElo "2219"]
[BlackElo "2362"]
[Annotator "NA"]
[PlyCount "60"]
[EventDate "2017.??.??"]
[EventType "swiss"]
[EventCountry "POL"]
[SourceTitle "playchess.com"]
[Source "ChessBase"]
[SourceQuality "1"]
[TimeControl "40/5400+30:1800+30"]

1. d4 d5 2. Nf3 Nf6 3. c4 e6 4. cxd5 exd5 5. Bg5 c6 6. Nc3 Be7 7. Qc2 g6 8. e3 Bf5 9. Bd3 Bxd3 10. Qxd3 Nbd7 11. O-O O-O 12. Rab1 a5 13. Rbc1 Re8 14. Rfe1 Ne4 15. Bxe7 Qxe7 16. Nd2 Nxd2 17. Qxd2 Nb6 18. Qc2 Kg7 19. Na4 Nxa4 20. Qxa4 Qb4 21. Qc2 a4 22. Qc3 Qxc3 23. Rxc3 h5 24. h4 Ra5 25. Re2 Rea8 26. g3 Rb5 27. Kg2 Ra6 28. Kf1 Rab6 29. Rcc2 Kf6 30. Ke1 Ra6 1/2-1/2

[Event "XVII MetLife Najdorf Open 2017"]
[Site "Warsaw"]
[Date "2017.07.13"]
[Round "5.43"]
[White "Przedmojski, Rafal"]
[Black "Szostko, Jakub"]
[Result "1/2-1/2"]
[ECO "E81"]
[WhiteElo "2355"]
[BlackElo "2208"]
[Annotator "ChessBase"]
[PlyCount "67"]
[EventDate "2017.??.??"]
[EventType "swiss"]
[EventCountry "POL"]
[SourceTitle "playchess.com"]
[Source "ChessBase"]
[SourceQuality "1"]
[TimeControl "40/5400+30:1800+30"]

1. d4 Nf6 2. c4 g6 3. Nc3 Bg7 4. e4 d6 5. f3 O-O 6. Be3 c5 7. dxc5 dxc5 8. Qxd8 Rxd8 9. Bxc5 Nc6 10. Nge2 Nd7 11. Be3 Nde5 12. Nf4 Nb4 13. Rc1 Be6 14. b3 g5 15. Nxe6 fxe6 16. Bxg5 Ned3+ 17. Bxd3 Nxd3+ 18. Ke2 Nxc1+ 19. Rxc1 Kf7 20. Be3 Bxc3 21. Rxc3 e5 22. g4 Rd7 23. h4 a5 24. h5 Rad8 25. Rc2 a4 26. b4 Rd1 27. b5 Rh1 28. c5 Rb1 29. b6 a3 30. Bc1 Rc8 31. Kd3 Rd8+ 32. Ke2 Rc8 33. Kd3 Rd8+ 34. Ke2 1/2-1/2

[Event "XVII MetLife Najdorf Open 2017"]
[Site "Warsaw"]
[Date "2017.07.13"]
[Round "5.44"]
[White "Spitzl, Vinzent"]
[Black "Fieberg, Samuel"]
[Result "1/2-1/2"]
[ECO "A06"]
[WhiteElo "2348"]
[BlackElo "2169"]
[Annotator "ChessBase"]
[PlyCount "65"]
[EventDate "2017.??.??"]
[EventType "swiss"]
[EventCountry "POL"]
[SourceTitle "playchess.com"]
[Source "ChessBase"]
[SourceQuality "1"]
[TimeControl "40/5400+30:1800+30"]

1. Nf3 d5 2. b3 Nf6 3. Bb2 g6 4. e3 Bg7 5. c4 c6 6. d4 Bg4 7. Be2 Nbd7 8. h3 Bxf3 9. Bxf3 O-O 10. Nc3 e6 11. O-O Qb8 12. a4 a5 13. cxd5 exd5 14. Ba3 Re8 15. b4 axb4 16. Bxb4 Bf8 17. Qb3 Bxb4 18. Qxb4 Qa7 19. Rfb1 b6 20. g4 h6 21. Qd6 Re6 22. Qf4 Kg7 23. h4 Qb8 24. Qxb8 Rxb8 25. Rb2 g5 26. hxg5 hxg5 27. Na2 Rh8 28. Nb4 Rh4 29. Rc2 c5 30. dxc5 Nxc5 31. Rc3 Nxg4 32. a5 bxa5 33. Rxc5 1/2-1/2

[Event "XVII MetLife Najdorf Open 2017"]
[Site "Warsaw"]
[Date "2017.07.13"]
[Round "5.45"]
[White "Bartel, Michal"]
[Black "Dmochowska, Agnieszka"]
[Result "1-0"]
[ECO "B30"]
[WhiteElo "2343"]
[BlackElo "2202"]
[Annotator "ChessBase"]
[PlyCount "51"]
[EventDate "2017.??.??"]
[EventType "swiss"]
[EventCountry "POL"]
[SourceTitle "playchess.com"]
[Source "ChessBase"]
[SourceQuality "1"]
[TimeControl "40/5400+30:1800+30"]

1. e4 c5 2. Nf3 Nc6 3. Bb5 Nf6 4. Nc3 g6 5. O-O Bg7 6. e5 Ng4 7. Bxc6 dxc6 8. Re1 O-O 9. d3 Nh6 10. Ne4 b6 11. Bf4 Nf5 12. c3 f6 13. h3 Qd5 14. exf6 exf6 15. g4 Nh6 16. Nd6 c4 17. dxc4 Qxd1 18. Raxd1 Ba6 19. Nd4 f5 20. Bxh6 Bxh6 21. Ne6 Rf6 22. Nc7 Bf4 23. Nde8 Bxc7 24. Nxc7 Bb7 25. Nxa8 Bxa8 26. Re8+ 1-0

[Event "XVII MetLife Najdorf Open 2017"]
[Site "Warsaw"]
[Date "2017.07.13"]
[Round "5.46"]
[White "Pacan-Milej, Kosma"]
[Black "Sliwicka, Alicja"]
[Result "1-0"]
[ECO "B36"]
[WhiteElo "2332"]
[BlackElo "2164"]
[Annotator "ChessBase"]
[PlyCount "61"]
[EventDate "2017.??.??"]
[EventType "swiss"]
[EventCountry "POL"]
[SourceTitle "playchess.com"]
[Source "ChessBase"]
[SourceQuality "1"]
[TimeControl "40/5400+30:1800+30"]

1. d4 Nf6 2. Nf3 g6 3. c4 c5 4. Nc3 cxd4 5. Nxd4 Nc6 6. e4 Nxd4 7. Qxd4 d6 8. Be2 Bg7 9. Be3 O-O 10. Qd2 a5 11. O-O a4 12. Rfd1 Qa5 13. Rab1 Be6 14. b4 axb3 15. axb3 Ng4 16. Bd4 Bh6 17. f4 f5 18. Bxg4 fxg4 19. g3 Bd7 20. b4 Qd8 21. Nd5 Rc8 22. c5 Bc6 23. Ba1 Rf7 24. e5 Ba4 25. cxd6 Bxd1 26. dxe7 Qe8 27. Rxd1 Bg7 28. Nf6+ Bxf6 29. exf6 h5 30. Qd8 Rh7 31. Qxc8 1-0

[Event "XVII MetLife Najdorf Open 2017"]
[Site "Warsaw"]
[Date "2017.07.13"]
[Round "5.49"]
[White "Heinemann, Josefine"]
[Black "Tomczak, Mikolaj"]
[Result "0-1"]
[ECO "B06"]
[WhiteElo "2294"]
[BlackElo "2395"]
[Annotator "ChessBase"]
[PlyCount "120"]
[EventDate "2017.??.??"]
[EventType "swiss"]
[EventCountry "POL"]
[SourceTitle "playchess.com"]
[Source "ChessBase"]
[SourceQuality "1"]
[TimeControl "40/5400+30:1800+30"]

1. e4 g6 2. d4 Bg7 3. Nc3 d5 4. exd5 Nf6 5. Be3 Nxd5 6. Nxd5 Qxd5 7. Nf3 O-O 8. Be2 Nc6 9. O-O Qd6 10. c3 Rd8 11. Qd2 Be6 12. Rfd1 Bd5 13. Bf4 Qd7 14. Ne5 Bxe5 15. Bxe5 Bxg2 16. Bxc7 Qxc7 17. Kxg2 Rd5 18. Bf3 Rf5 19. Qe3 Rd8 20. Re1 e6 21. b3 Ne7 22. c4 b5 23. d5 bxc4 24. dxe6 Rd3 25. exf7+ Rxf7 26. Qe5 Qxe5 27. Rxe5 Rdxf3 28. Rxe7 Rxf2+ 29. Kg1 Rc2 30. Rxf7 Kxf7 31. bxc4 Rxc4 32. Rb1 Ra4 33. Rb7+ Kg8 34. Rb2 Kg7 35. Kf2 Ra3 36. Kg2 Kf6 37. Re2 Kf5 38. Kf2 Kg5 39. Kg1 h6 40. Rc2 h5 41. Kg2 Kf5 42. Kg1 g5 43. Kg2 Ke4 44. Kg1 g4 45. Rb2 Ke3 46. Rb5 h4 47. Re5+ Kf3 48. Rf5+ Ke4 49. Rf2 Rd3 50. Rb2 Ke3 51. Rb1 a5 52. Re1+ Kf3 53. Rf1+ Ke2 54. Rf5 a4 55. Re5+ Kf3 56. Rf5+ Ke4 57. Rf1 Rd2 58. Ra1 a3 59. Re1+ Kd3 60. Rb1 Rxa2 0-1

[Event "XVII MetLife Najdorf Open 2017"]
[Site "Warsaw"]
[Date "2017.07.13"]
[Round "5.50"]
[White "Chylewski, Patryk"]
[Black "Konguvel, Ponnuswamy"]
[Result "1/2-1/2"]
[ECO "B48"]
[WhiteElo "2275"]
[BlackElo "2388"]
[Annotator "ChessBase"]
[PlyCount "112"]
[EventDate "2017.??.??"]
[EventType "swiss"]
[EventCountry "POL"]
[SourceTitle "playchess.com"]
[Source "ChessBase"]
[SourceQuality "1"]
[TimeControl "40/5400+30:1800+30"]

1. e4 c5 2. Nf3 e6 3. d4 cxd4 4. Nxd4 Nc6 5. Nc3 Qc7 6. Be3 a6 7. Bd3 Nf6 8. O-O Ne5 9. f4 Neg4 10. Bd2 Bc5 11. Nce2 e5 12. fxe5 d5 13. Bf4 Nxe5 14. exd5 Nxd5 15. c3 O-O 16. Be4 Nf6 17. Bc2 Bg4 18. Kh1 Rfe8 19. h3 Bh5 20. Qe1 Qb6 21. g4 Bxd4 22. Nxd4 Nc6 23. Qf2 Nxd4 24. cxd4 Bg6 25. Bxg6 hxg6 26. Be5 Qc6+ 27. Kg1 Qd5 28. Bxf6 gxf6 29. Qxf6 Re3 30. Kh2 Rc8 31. Rf2 Re4 32. Raf1 Rc7 33. a3 Rxd4 34. Qf3 Qxf3 35. Rxf3 Rd2+ 36. R3f2 Rcc2 37. Kg3 Rd3+ 38. Kg2 Rxf2+ 39. Rxf2 Rb3 40. g5 Kf8 41. Re2 a5 42. h4 a4 43. Kh2 Kg7 44. Rf2 b6 45. Kg2 b5 46. Kh2 Re3 47. Kg2 Kf8 48. Rf3 Re2+ 49. Rf2 Re4 50. Kg3 Ke7 51. Rf4 Re3+ 52. Kg4 Rb3 53. Rf2 Ke6 54. Rf6+ Ke7 55. Rf2 Ke6 56. Rf6+ Ke7 1/2-1/2

[Event "XVII MetLife Najdorf Open 2017"]
[Site "Warsaw"]
[Date "2017.07.13"]
[Round "5.51"]
[White "Deszczynski, Adam"]
[Black "Sieber, Fiona"]
[Result "0-1"]
[ECO "B67"]
[WhiteElo "2380"]
[BlackElo "2287"]
[Annotator "ChessBase"]
[PlyCount "64"]
[EventDate "2017.??.??"]
[EventType "swiss"]
[EventCountry "POL"]
[SourceTitle "playchess.com"]
[Source "ChessBase"]
[SourceQuality "1"]
[TimeControl "40/5400+30:1800+30"]

1. e4 c5 2. Nf3 d6 3. d4 cxd4 4. Nxd4 Nf6 5. Nc3 Nc6 6. Bg5 e6 7. Qd2 a6 8. O-O-O Bd7 9. f3 h6 10. Be3 b5 11. Kb1 Ne5 12. Bd3 Qc7 13. g4 Rb8 14. h4 d5 15. g5 dxe4 16. gxf6 exd3 17. cxd3 gxf6 18. Ne4 f5 19. Rc1 Qd8 20. Nc5 Bc8 21. f4 Bxc5 22. Rxc5 Bb7 23. Rhc1 Nxd3 24. Qxd3 Be4 25. Qxe4 fxe4 26. f5 O-O 27. fxe6 fxe6 28. Rc7 Rf1 29. Rxf1 Qxc7 30. Rg1+ Kh7 31. Nxe6 Qd7 32. Bd4 Rg8 0-1

[Event "XVII MetLife Najdorf Open 2017"]
[Site "Warsaw"]
[Date "2017.07.13"]
[Round "5.52"]
[White "Lewtak, Damian"]
[Black "Yogesh, Gautam"]
[Result "0-1"]
[ECO "A95"]
[WhiteElo "2341"]
[BlackElo "2243"]
[Annotator "ChessBase"]
[PlyCount "56"]
[EventDate "2017.??.??"]
[EventType "swiss"]
[EventCountry "POL"]
[SourceTitle "playchess.com"]
[Source "ChessBase"]
[SourceQuality "1"]
[TimeControl "40/5400+30:1800+30"]

1. c4 e6 2. g3 f5 3. Bg2 Nf6 4. Nf3 d5 5. d4 Be7 6. O-O O-O 7. Nc3 c6 8. b3 Qe8 9. Na4 Qh5 10. Nb2 Ne4 11. Ne5 Nc3 12. Bf3 Nxd1 13. Bxh5 Nxb2 14. Bxb2 Nd7 15. Bf3 Nxe5 16. dxe5 Bd7 17. a4 Rac8 18. Ba3 Bxa3 19. Rxa3 Rfd8 20. a5 Be8 21. e3 c5 22. Rd1 Bc6 23. Raa1 Kf7 24. Rd3 Ke7 25. Rad1 dxc4 26. Rxd8 Rxd8 27. Rxd8 Kxd8 28. Bxc6 c3 0-1

[Event "XVII MetLife Najdorf Open 2017"]
[Site "Warsaw"]
[Date "2017.07.13"]
[Round "5.53"]
[White "Baskin, Robert"]
[Black "Khalafova, Narmin"]
[Result "1-0"]
[ECO "D12"]
[WhiteElo "2330"]
[BlackElo "2224"]
[Annotator "ChessBase"]
[PlyCount "127"]
[EventDate "2017.??.??"]
[EventType "swiss"]
[EventCountry "POL"]
[SourceTitle "playchess.com"]
[Source "ChessBase"]
[SourceQuality "1"]
[TimeControl "40/5400+30:1800+30"]

1. d4 d5 2. c4 c6 3. Nf3 Nf6 4. e3 Bf5 5. Nc3 a6 6. Ne5 Nbd7 7. Qb3 Qc7 8. cxd5 Nxe5 9. dxe5 Nxd5 10. Nxd5 cxd5 11. Bd2 Qxe5 12. Be2 Qd6 13. Qxb7 Rb8 14. Qa7 Rxb2 15. Bd1 f6 16. Bb3 Be4 17. f3 Bd3 18. Qd4 Qe5 19. Qxe5 fxe5 20. Bxd5 Kd7 21. Rd1 Bc2 22. Bc1 Rb1 23. Be4+ Bxd1 24. Bxb1 Ba4 25. Bb2 Kd6 26. O-O g6 27. Bd3 a5 28. Rc1 Bg7 29. Ba3+ Kd7 30. Rc5 Ra8 31. Be4 Ra6 32. Bb2 Kd6 33. Rd5+ Ke6 34. Bc3 Rc6 35. Bd2 Rd6 36. Rxd6+ exd6 37. Bxa5 d5 38. Bd3 Bf8 39. Kf2 Bd6 40. h4 Be7 41. g3 Kf7 42. Bc7 Ke6 43. e4 dxe4 44. Bxe4 Ba3 45. g4 Bc1 46. Ke2 Bf4 47. Bd8 Bh6 48. Kd3 Bf8 49. Kc4 Kd6 50. Ba5 Ke6 51. Bb4 Bg7 52. g5 Bh8 53. Bc5 Bg7 54. Kb4 Bd1 55. a4 Kd7 56. Kb5 Kc7 57. Bb6+ Kd6 58. Ba7 h6 59. a5 Kc7 60. Bb6+ Kd6 61. a6 Be2+ 62. Ka5 Bxa6 63. Kxa6 hxg5 64. hxg5 1-0

[Event "XVII MetLife Najdorf Open 2017"]
[Site "Warsaw"]
[Date "2017.07.13"]
[Round "5.54"]
[White "Bus, Konrad"]
[Black "Nowak, Lukasz"]
[Result "1/2-1/2"]
[ECO "D45"]
[WhiteElo "2219"]
[BlackElo "2327"]
[Annotator "ChessBase"]
[PlyCount "64"]
[EventDate "2017.??.??"]
[EventType "swiss"]
[EventCountry "POL"]
[SourceTitle "playchess.com"]
[Source "ChessBase"]
[SourceQuality "1"]
[TimeControl "40/5400+30:1800+30"]

1. d4 d5 2. c4 c6 3. Nc3 Nf6 4. e3 a6 5. Qc2 e6 6. Nf3 c5 7. cxd5 exd5 8. Be2 Nc6 9. O-O cxd4 10. Nxd4 Nxd4 11. exd4 Be7 12. Qa4+ Bd7 13. Qb3 Bc6 14. Bg5 Qd7 15. Bf3 O-O 16. Bxf6 Bxf6 17. Nxd5 Bxd5 18. Qxd5 Qxd5 19. Bxd5 Rab8 20. Rfd1 Rfd8 21. Bf3 Rxd4 22. Rxd4 Bxd4 23. Rd1 Rd8 24. Kf1 b6 25. Be2 a5 26. b3 Kf8 27. Bc4 Rd6 28. h4 h5 29. g3 g6 30. Kg2 Kg7 31. f4 f6 32. Kf3 f5 1/2-1/2

[Event "XVII MetLife Najdorf Open 2017"]
[Site "Warsaw"]
[Date "2017.07.13"]
[Round "5.55"]
[White "Kowalczyk, Rafal"]
[Black "Lewicki, Miroslaw"]
[Result "0-1"]
[ECO "B97"]
[WhiteElo "2240"]
[BlackElo "2323"]
[Annotator "ChessBase"]
[PlyCount "58"]
[EventDate "2017.??.??"]
[EventType "swiss"]
[EventCountry "POL"]
[SourceTitle "playchess.com"]
[Source "ChessBase"]
[SourceQuality "1"]
[TimeControl "40/5400+30:1800+30"]

1. e4 c5 2. Nf3 d6 3. d4 cxd4 4. Nxd4 Nf6 5. Nc3 a6 6. Bg5 e6 7. f4 Qb6 8. Qd2 Qxb2 9. Rb1 Qa3 10. f5 Qc5 11. Bxf6 gxf6 12. Na4 Bh6 13. Qxh6 Qa5+ 14. c3 Qxa4 15. Qxf6 Rf8 16. Be2 Nd7 17. Qh4 Nc5 18. Nb5 Kd7 19. Qf4 axb5 20. Rd1 Ra6 21. fxe6+ Nxe6 22. Qf5 Kc7 23. Qxh7 Nf4 24. Bf3 Qc4 25. Qh6 Ng6 26. h4 Rxa2 27. h5 Bg4 28. Qe3 Bxf3 29. gxf3 Nf4 0-1

[Event "XVII MetLife Najdorf Open 2017"]
[Site "Warsaw"]
[Date "2017.07.13"]
[Round "5.56"]
[White "Schroeder, Kevin"]
[Black "Karwowski, Kacper"]
[Result "0-1"]
[ECO "A05"]
[WhiteElo "2321"]
[BlackElo "2221"]
[Annotator "ChessBase"]
[PlyCount "134"]
[EventDate "2017.??.??"]
[EventType "swiss"]
[EventCountry "POL"]
[SourceTitle "playchess.com"]
[Source "ChessBase"]
[SourceQuality "1"]
[TimeControl "40/5400+30:1800+30"]

1. Nf3 Nf6 2. c4 b6 3. g3 Bb7 4. Bg2 e6 5. O-O Be7 6. b3 O-O 7. Bb2 c5 8. d4 cxd4 9. Qxd4 Nc6 10. Qf4 d5 11. Rd1 Qb8 12. Qxb8 Raxb8 13. cxd5 Nxd5 14. Nc3 Ncb4 15. Ne5 Nxc3 16. Bxc3 Bxg2 17. Kxg2 Nd5 18. Bb2 Rbc8 19. Rac1 Bf6 20. a3 b5 21. e4 Nb6 22. Ba1 Rxc1 23. Rxc1 Bxe5 24. Bxe5 Rc8 25. Ra1 f6 26. Bd4 e5 27. Be3 Rc3 28. a4 Rxb3 29. a5 Nc4 30. Bxa7 b4 31. Bc5 Ra3 32. Rc1 Nxa5 33. Bxb4 Ra4 34. Rc8+ Kf7 35. Rc7+ Kg8 36. Bc3 Nc4 37. Rc6 Na3 38. f4 exf4 39. e5 Rc4 40. Rxc4 Nxc4 41. exf6 fxg3 42. Kxg3 g6 43. Kf4 h6 44. h4 Kf7 45. Bd4 Ke6 46. Kg4 Nd6 47. h5 g5 48. Bb6 Ne4 49. Bd8 Nxf6+ 50. Kf3 Nxh5 51. Ba5 Kf5 52. Bb4 Nf4 53. Bd6 h5 54. Bc5 Ng6 55. Be3 g4+ 56. Kg3 h4+ 57. Kh2 Ke4 58. Bg5 Kf3 59. Bd8 Ke4 60. Bf6 Kf5 61. Bd8 Ne5 62. Kg2 Nf3 63. Be7 Ng5 64. Bd8 g3 65. Kf1 Kg4 66. Bc7 h3 67. Bd6 g2+ 0-1

[Event "XVII MetLife Najdorf Open 2017"]
[Site "Warsaw"]
[Date "2017.07.13"]
[Round "5.57"]
[White "Srinath, Rao S V"]
[Black "Baltic, Fatih"]
[Result "1-0"]
[ECO "A45"]
[WhiteElo "2321"]
[BlackElo "2210"]
[Annotator "ChessBase"]
[PlyCount "97"]
[EventDate "2017.??.??"]
[EventType "swiss"]
[EventCountry "POL"]
[SourceTitle "playchess.com"]
[Source "ChessBase"]
[SourceQuality "1"]
[TimeControl "40/5400+30:1800+30"]

1. d4 Nf6 2. Bf4 d5 3. e3 c5 4. c3 Nc6 5. Nf3 Qb6 6. Qb3 c4 7. Qc2 Bf5 8. Qc1 e6 9. Nbd2 Be7 10. h3 Bg6 11. Be2 Qd8 12. Nh4 Be4 13. Nxe4 Nxe4 14. Nf3 b5 15. Qc2 O-O 16. O-O Bd6 17. a4 b4 18. Bxc4 Bxf4 19. exf4 bxc3 20. bxc3 Qf6 21. Ba6 Ne7 22. g3 Qf5 23. Bd3 Qxh3 24. Bxe4 dxe4 25. Qxe4 Rac8 26. Rfc1 Nd5 27. Ng5 Nf6 28. Qd3 Qg4 29. Kg2 Rc7 30. c4 Rd8 31. Qe3 Rcd7 32. Rab1 h6 33. Nf3 Qf5 34. Rb5 Qe4 35. Qxe4 Nxe4 36. f5 Rc7 37. fxe6 fxe6 38. Re5 Nd6 39. c5 Nf5 40. Rd1 Rc6 41. d5 Rxc5 42. g4 Rdxd5 43. Rdxd5 exd5 44. gxf5 Rc4 45. a5 Rc5 46. a6 Ra5 47. Re6 Ra4 48. Ne5 d4 49. Re8+ 1-0

[Event "XVII MetLife Najdorf Open 2017"]
[Site "Warsaw"]
[Date "2017.07.13"]
[Round "5.58"]
[White "Aditya Mittal"]
[Black "Mulet, Piotr"]
[Result "1-0"]
[ECO "A52"]
[WhiteElo "2203"]
[BlackElo "2307"]
[Annotator "ChessBase"]
[PlyCount "157"]
[EventDate "2017.??.??"]
[EventType "swiss"]
[EventCountry "POL"]
[SourceTitle "playchess.com"]
[Source "ChessBase"]
[SourceQuality "1"]
[TimeControl "40/5400+30:1800+30"]

1. d4 Nf6 2. c4 e5 3. dxe5 Ng4 4. Nf3 Bc5 5. e3 Nc6 6. Nc3 O-O 7. Be2 a5 8. O-O Ngxe5 9. Nxe5 Nxe5 10. Ne4 Be7 11. c5 Nc6 12. b3 f5 13. Ng3 d5 14. cxd6 Qxd6 15. Bc4+ Kh8 16. Bb2 Bf6 17. Qxd6 cxd6 18. Bxf6 Rxf6 19. Nh5 Rh6 20. Nf4 g5 21. Ne2 Bd7 22. Rfd1 Ne5 23. Bd5 Bc6 24. Rac1 Rf8 25. Bxc6 bxc6 26. Nd4 c5 27. Nb5 Rff6 28. Rd5 Nf7 29. a3 Kg7 30. b4 axb4 31. axb4 cxb4 32. Nd4 Kg6 33. f4 Rh5 34. Rc6 Rh4 35. g3 Rh3 36. Kg2 g4 37. Rb6 h5 38. Rbb5 Nh6 39. Rb6 Nf7 40. Rxb4 h4 41. Rbb5 hxg3 42. hxg3 Nh6 43. Ra5 Kh7 44. Ra7+ Kg6 45. e4 Rh5 46. Nc6 Re6 47. Nd4 Rf6 48. Raa5 Kh7 49. Ra6 Rh3 50. e5 Rf8 51. Raxd6 Rb8 52. Rd7+ Kg6 53. R5d6+ Kh5 54. Ne2 Rb2 55. Rd2 Rb1 56. Ng1 Re1 57. Re2 Rxe2+ 58. Nxe2 Kg6 59. Nd4 Ng8 60. Ne6 Rh8 61. Nf8+ Kh6 62. Ne6 Kh5 63. Ra7 Nh6 64. Rg7 Rg8 65. Kf2 Rxg7 66. Nxg7+ Kg6 67. Ne6 Kf7 68. Nd4 Ke7 69. Ke3 Kf7 70. Kd3 Kg6 71. Kc4 Kf7 72. Kd5 Ke7 73. Nc6+ Kf7 74. Kd6 Ng8 75. Kd7 Kf8 76. e6 Nf6+ 77. Kd8 Kg7 78. e7 Kf7 79. Ne5+ 1-0

[Event "XVII MetLife Najdorf Open 2017"]
[Site "Warsaw"]
[Date "2017.07.13"]
[Round "5.59"]
[White "Pranav Vijay"]
[Black "Kujawski, Adam"]
[Result "1-0"]
[ECO "C01"]
[WhiteElo "2265"]
[BlackElo "2300"]
[Annotator "ChessBase"]
[PlyCount "89"]
[EventDate "2017.??.??"]
[EventType "swiss"]
[EventCountry "POL"]
[SourceTitle "playchess.com"]
[Source "ChessBase"]
[SourceQuality "1"]
[TimeControl "40/5400+30:1800+30"]

1. e4 e6 2. d4 d5 3. Nc3 Nf6 4. exd5 exd5 5. Bg5 Be7 6. Qd2 c6 7. Bd3 Qb6 8. O-O-O Qxd4 9. Nf3 Qc5 10. Rhe1 Be6 11. Nd4 Qxd4 12. Rxe6 fxe6 13. Bg6+ hxg6 14. Qxd4 Nbd7 15. Qd3 Kf7 16. h4 b5 17. Re1 a5 18. Qh3 Nf8 19. Ne2 c5 20. Nf4 Ra6 21. Qf3 b4 22. g4 a4 23. h5 c4 24. Rh1 gxh5 25. gxh5 Rh7 26. Rg1 a3 27. h6 axb2+ 28. Kb1 gxh6 29. Bxf6 Bxf6 30. Qh5+ Ke7 31. Re1 Kd7 32. Nxd5 exd5 33. Qe8+ Kc7 34. Qxf8 Rg7 35. Qc5+ Rc6 36. Qa7+ Kd6 37. Qa4 Bc3 38. Rd1 d4 39. f4 Rgc7 40. Rg1 Kd5 41. Qa5+ Rc5 42. Qa8+ R5c6 43. Qf8 Re6 44. f5 Re2 45. Qd8+ 1-0